 Dungeon Crawl Stone Soup version 0.25-a0-566-g062765be81 (webtiles) character file.

Game seed: 10289725146310841361, levelgen mode: deterministic

214 vurker the Gusty (level 5, 0/22 HPs)
             Began as a Felid Air Elementalist on Feb 28, 2020.
             Slain by a hound (1 damage)
             ... on level 4 of the Dungeon.
             The game lasted 00:05:27 (5106 turns).

vurker the Gusty (Felid Air Elementalist)           Turns: 5106, Time: 00:05:28

Health: 0/22       AC:  1    Str:  4    XL:     5   Next: 60%
Magic:  1/11       EV: 18    Int: 18    God:
Gold:   190        SH:  0    Dex: 16    Spells: 10/11 levels left
                                        Lives:  0   Deaths: 1

rFire    . . .     SeeInvis +   (weapon unavailable)
rCold    . . .     Gourm    .   (shield unavailable)
rNeg     . . .     Faith    .   (armour unavailable)
rPois    .         Spirit   .   (helmet unavailable)
rElec    .         Reflect  .   (cloak unavailable)
rCorr    .         Harm     .   (gloves unavailable)
MR       .....                  (boots unavailable)
Stlth    +++.......             (no amulet)
HPRegen  0.07/turn              (no ring)
MPRegen  0.12/turn              (no ring)

@: lethally poisoned (0 -> -1), quick
A: very small, no armour, no weapons or thrown items, stealth, claws 1, fangs 3,
see invisible, carnivore, speed 1, shaggy fur 1, slow metabolism 1, sharp paws
a: no special abilities


You were on level 4 of the Dungeon.
You were completely stuffed.

You visited 1 branch of the dungeon, and saw 4 of its levels.

You collected 190 gold pieces.

Inventory:

Scrolls
 a - 3 scrolls of noise {unknown}
 b - 2 scrolls of teleportation {unknown}
 c - a scroll of magic mapping {unknown}
 d - a scroll of blinking {unknown}
 g - a scroll of immolation {unknown}
 h - 2 scrolls of amnesia {unknown}
 i - 7 scrolls of identify {unknown}
 m - 2 scrolls of enchant weapon {unknown}
 n - 3 scrolls of remove curse {unknown}
Potions
 f - a potion of curing
 j - a potion of flight {unknown}
 k - a potion of lignification
 l - a potion of cancellation {unknown}
 o - a potion of mutation {unknown}
 p - a potion of heal wounds
 q - a potion of degeneration {unknown}
Comestibles
 e - 3 rations


   Skills:
 + Level 2.2 Fighting
 - Level 2.6 Dodging
 - Level 2.6 Stealth
 * Level 3.7 Spellcasting
 + Level 2.2 Conjurations
 * Level 4.3 Air Magic


You had 10 spell levels left.
You knew the following spells:

 Your Spells              Type           Power        Failure   Level  Hunger
a - Shock                 Conj/Air       ###.         4%          1    None

Your spell library contained the following spells:

 Spells                   Type           Power        Failure   Level  Hunger
 Swiftness                Chrm/Air       ##......     10%         2    ##.....
 Static Discharge         Conj/Air       ###.....     12%         3    ###....
 Airstrike                Air            ###.......   26%         4    ####...
 Lightning Bolt           Conj/Air       ###.......   73%         5    ######.


Dungeon Overview and Level Annotations

Branches:
Dungeon (4/15)
 Temple: D:4-7

Altars:
Ru

Annotations:
D:3 3 runed translucent doors, EnegeticOcto's ghost, weakling DDFi


Innate Abilities, Weirdness & Mutations

You cannot wear armour.
You are incapable of wielding weapons or throwing items.
Your paws allow you to move quietly. (Stealth)
You have sharp claws.
You have razor-sharp teeth.
You have supernaturally acute eyesight. (SInv)
You are carnivorous and can eat meat at any time.
You cover ground quickly.
You are covered in fur. (AC +1)
You have a slow metabolism.
Your sharp claws are effective at attacking unaware monsters.


Message History

You are poisoned.
The adder poisons you!
Aim: an adder (moderately wounded)
The zap hits the adder.
The zap misses the adder.
You feel sick. The adder closely misses you. The hound barely misses you.
The adder closely misses you.
Aim: an adder (severely wounded)
The zap misses the adder.
The zap hits the ogre. x2
You kill the ogre!
Welcome back to level 5!
The zap hits the adder.
The hound completely misses you. The adder bites you. x2
* * * LOW HITPOINT WARNING * * *
You are lethally poisoned!
The adder poisons you! The hound closely misses you. The adder misses you.
Unknown command.
It was a potion of curing.
You feel better. The adder barely misses you. The hound bites you.
The adder closely misses you.
Aim: an adder (almost dead)
The zap misses the adder.
The zap hits the adder.
You kill the adder!
The adder bites you.
* * * LOW HITPOINT WARNING * * *
You are poisoned.
The adder poisons you! The hound closely misses you.
The adder barely misses you. The hound barely misses you.
You don't have enough magic to cast that spell.
You miss the adder.
You feel sick. The hound completely misses you.
The adder completely misses you.
You closely miss the adder. The hound barely misses you.
The adder barely misses you. The orc closely misses you.
The hound completely misses you.
You scratch the adder. The adder barely misses you. The orc misses you.
The hound barely misses you.
A leopard gecko comes into view.
The adder closely misses you.
You barely miss the adder.
You feel sick. The hound closely misses you. The orc closely misses you.
The adder barely misses you. The hound misses you.
You closely miss the adder. The adder barely misses you.
The orc barely misses you. The hound barely misses you.
You closely miss the adder. The hound barely misses you.
The adder barely misses you. The orc barely misses you.
The hound closely misses you. The adder closely misses you.
The leopard gecko hisses angrily.
You scratch the adder. The orc misses you. The hound bites you.
* * * LOW HITPOINT WARNING * * *
The adder completely misses you.
You scratch the adder. You bite the adder.
* * * LOW HITPOINT WARNING * * *
You feel sick. The hound bites you.
You die...

#.....#..............
#.....#......o......
#.....##............
#.....##............
#.>....#.....##)...#
#......#.....# .o..#
#.....##.....# ....
#..hSo######## o.#
#.)†@....... ..#
#...........
#...l.......
#...........
#...........
#...........
#...........
#...........


You could see a hound, an adder, an orc and a leopard gecko.

Vanquished Creatures
  An ogre (D:4)
  An iguana (D:4)
  A worker ant (D:4)
  3 adders
  An adder skeleton (D:4)
  3 worms
  4 dart slugs (D:2)
  6 leopard geckos
  7 orcs
  4 giant cockroaches
  8 hobgoblins
  7 jackals
  5 kobolds
  A quokka (D:3)
  3 ball pythons
  10 bats
  6 frilled lizards
  8 goblins
  10 rats
89 creatures vanquished.

Vanquished Creatures (others)
  An orc wizard (D:4)
1 creature vanquished.

Grand Total: 90 creatures vanquished

Notes
Turn   | Place    | Note
-------+----------+-------------------------------------------
     0 | D:1      | vurker the Felid Air Elementalist began the quest for the
                  | Orb.
     0 | D:1      | Reached XP level 1. HP: 7/7 MP: 4/4
    90 | D:1      | Reached skill level 1 in Conjurations
   105 | D:1      | Reached XP level 2. HP: 6/12 MP: 0/6
   401 | D:1      | Reached skill level 3 in Air Magic
  1362 | D:2      | Reached XP level 3. HP: 15/15 MP: 4/7
  1481 | D:2      | Reached skill level 1 in Fighting
  2354 | D:2      | Reached XP level 4. HP: 19/19 MP: 1/9
  3556 | D:3      | Found a runed translucent gate.
  3556 | D:3      | Found a runed translucent gate.
  3556 | D:3      | Found a runed translucent gate.
  3738 | D:3      | Found a sacrificial altar of Ru.
  3798 | D:3      | Noticed EnegeticOcto's ghost (weakling DDFi)
  4760 | D:4      | Reached XP level 5. HP: 22/22 MP: 4/10
  4837 | D:4      | Slain by an orc
  4838 | D:4      | Reached XP level 4. HP: -2/19 MP: 1/9
  4843 | D:4      | Reached skill level 4 in Air Magic
  5062 | D:4      | Noticed an ogre
  5096 | D:4      | Killed an ogre
  5096 | D:4      | Reached XP level 5. HP: 14/22 MP: 1/11
  5106 | D:4      | HP: 1/22 [poisoned by an adder]
  5106 | D:4      | Slain by a hound

Levels and vault maps discovered:
D:1:      minmay_arrival_arboretum_small, layout_basic
D:2:      minmay_skewed_foursquare, layout_basic
D:3:      layout_loops_ring, gammafunk_ghost_icy,
          nicolae_ru_the_path_less_chosen
D:4:      layout_gridville, lemuel_coloured_pillars_altar, serial_rivers,
          chequers_serial_rivers_small_3, chequers_serial_rivers_micro_a,
          chequers_serial_rivers_micro_d, chequers_serial_rivers_marsh,
          chequers_serial_rivers_micro_b, uniq_grinder

Skill      XL: |  1  2  3  4 |
---------------+-------------+-----
Conjurations   | 1 2 |  2.2
Air Magic      | 3 4 |  4.3
Fighting       | 1 2 |  2.2
Spellcasting   | 3 |  3.7
Dodging        | |  2.6
Stealth        | |  2.6

Action                   |  1- 3 |  4- 6 || total
-------------------------+-------+-------++-------
Melee: Unarmed           |    33 |    15 ||    48
       Bite              |     1 |     1 ||     2
 Cast: Shock             |   109 |   123 ||   232
  Use: Potion            |     2 |     1 ||     3
  Eat: Chunk             |    11 |     9 ||    20
Armor: Skin              |     8 |     2 ||    10
Dodge: Dodged            |    28 |    61 ||    89

Table legend:
 A = Non-vault XP
 B = Vault XP
 C = Vault XP percentage of total XP
 D = Non-vault monster count
 E = Vault monster count
 F = Vault count percentage of total count
                 A         B        C        D         E       F
            +---------+---------+-------+---------+---------+-------
      Total |     419 |       9 |   2.1 |      87 |       3 |   3.3
            +---------+---------+-------+---------+---------+-------
        D:1 |      39 |       0 |   0.0 |      24 |       0 |   0.0
        D:2 |      88 |       9 |   9.3 |      35 |       3 |   7.9
        D:3 |      45 |       0 |   0.0 |      18 |       0 |   0.0
        D:4 |     247 |       0 |   0.0 |      10 |       0 |   0.0
            +---------+---------+-------+---------+---------+-------
